 Dungeon Crawl Stone Soup version 0.24-a0-67-ga78bd38 (webtiles) character file.

Game seed: 4382242711360499524

105 Lanoc the Chopper (level 4, -20/34 HPs)
             Began as a Demonspawn Gladiator on Feb 5, 2019.
             Demolished by an ogre
             ... wielding a +0 giant club
              (26 damage)
             ... on level 4 of the Dungeon.
             The game lasted 00:03:33 (2937 turns).

Lanoc the Chopper (Demonspawn Gladiator)            Turns: 2937, Time: 00:03:34

Health: -20/34     AC: 11    Str: 20    XL:     4   Next: 53%
Magic:  0/4        EV:  9    Int:  9    God:
Gold:   89         SH:  0    Dex: 15    Spells: 3/3 levels left

rFire    . . .     SeeInvis +   a - +0 war axe
rCold    . . .     Gourm    .   (no shield)
rNeg     . . .     Faith    .   r - +0 chain mail
rPois    .         Spirit   +   c - +0 helmet
rElec    .         Reflect  .   (no cloak)
rCorr    .         Harm     .   (no gloves)
MR       .....                  (no boots)
Stlth    ..........             (no amulet)
HPRegen  0.11/turn              p - ring of see invisible
MPRegen  0.09/turn              (no ring)

@: mighty
A: yellow scales 1, magic shield
a: no special abilities


You were on level 4 of the Dungeon.
You were hungry.

You visited 1 branch of the dungeon, and saw 4 of its levels.

You collected 89 gold pieces.

Inventory:

Hand Weapons
 a - a +0 war axe (weapon)
Missiles
 d - 3 throwing nets (quivered)
Armour
 c - a +0 helmet (worn)
 r - a +0 chain mail (worn)
Jewellery
 p - a ring of see invisible (left hand)
Wands
 i - a wand of disintegration (9)
 m - a wand of iceblast (11)
Scrolls
 b - a scroll of teleportation {unknown}
 h - a scroll of immolation
 j - a scroll of fear {unknown}
 k - a scroll of amnesia {unknown}
 l - a scroll of remove curse
 q - a scroll of enchant armour {unknown}
Potions
 e - a potion of curing {unknown}
 g - a potion of brilliance {unknown}
 n - a potion of haste
Comestibles
 f - 2 rations


   Skills:
 + Level 2.8 Fighting
 * Level 3.5 Axes
 - Level 1.7 Throwing
 + Level 1.6 Armour
 + Level 3.3 Dodging


You had 3 spell levels left.
You didn't know any spells.
Your spell library was empty.

Dungeon Overview and Level Annotations

Branches:
Dungeon (4/15)
 Temple: D:4-7

Altars:
Vehumet


Innate Abilities, Weirdness & Mutations

You are partially covered in yellow scales. (AC +2)
When hurt, damage is shared between your health and your magic reserves.


Message History

You hit the worm.
You hit the giant cockroach but do no damage.
The giant cockroach bites you. The worm barely misses you.
The ogre hits you with a +0 giant club!!
Ouch! That really hurt!
* * * LOW HITPOINT WARNING * * *
You feel very mighty all of a sudden.
The giant cockroach bites you but does no damage.
The ogre barely misses you.
You closely miss the ogre.
The ogre is moderately wounded.
Your chain mail prevents you from hitting the worm.
You barely miss the giant cockroach.
You are feeling hungry.
The giant cockroach closely misses you. The worm bites you.
* * * LOW HITPOINT WARNING * * *
The giant cockroach bites you but does no damage.
The ogre hits you with a +0 giant club!!
Ouch! That really hurt!
You die...

.....#.>.....
............###
...............
.............#
..........(..#
.............##
......s.s......
......w@......#
.....#..O..#..#
.## #######


You could see an ogre, a worm and 2 giant cockroaches.

Vanquished Creatures
  6 adders
  An ooze (D:1)
  An adder skeleton (D:3)
  3 worms (D:3)
  2 leopard geckos
  2 orcs (D:3)
  A giant cockroach (D:2)
  2 goblins
  4 hobgoblins
  4 jackals (D:1)
  3 ball pythons
  3 bats
  A frilled lizard (D:1)
  4 kobolds
37 creatures vanquished.

Notes
Turn   | Place    | Note
-------+----------+-------------------------------------------
     0 | D:1      | Lanoc the Demonspawn Gladiator began the quest for the Orb.
     0 | D:1      | Reached XP level 1. HP: 16/16 MP: 1/1
   278 | D:1      | Gained mutation: You are partially covered in yellow
                  | scales. (AC +2) [demonic ancestry]
   278 | D:1      | Reached XP level 2. HP: 18/22 MP: 2/2
   755 | D:1      | Reached skill level 1 in Armour
   988 | D:2      | Reached XP level 3. HP: 12/28 MP: 3/3
  2296 | D:3      | Gained mutation: When hurt, damage is shared between your
                  | health and your magic reserves. [demonic ancestry]
  2296 | D:3      | Reached XP level 4. HP: 23/34 MP: 4/4
  2742 | D:3      | Found a radiant altar of Vehumet.
  2932 | D:4      | Noticed an ogre
  2937 | D:4      | Demolished by an ogre

Vault maps used:
D:1:      saegor_arrival_miasma
D:2:      grunt_decor_one_mirror, serial_bayou_pond_a, st_stairs_7
D:3:      lemuel_crystal_altar, serial_undead, serial_undead_e, serial_undead_b,
          serial_undead_d, serial_undead_d, kennysheep_boxes
D:4:      cheibriados_altar_1, gammafunk_ghost_gnarly_gnolls,
          kennysheep_opposing_triangles

Skill      XL: |  1  2  3 |
---------------+----------+-----
Dodging        | 3 |  3.3
Armour         | 1 |  1.6
Axes           | 3 |  3.5
Fighting       | |  2.8
Throwing       | |  1.7

Action                   |  1- 3 |  4- 6 || total
-------------------------+-------+-------++-------
Melee: War axe           |    90 |    39 ||   129
  Use: Scroll            |       |     4 ||     4
       Potion            |       |     1 ||     1
 Stab: Sleeping          |     1 |       ||     1
  Eat: Chunk             |     4 |     2 ||     6
Armor: Leather armour    |    49 |       ||    49
       Chain mail        |       |    24 ||    24
Dodge: Dodged            |    67 |    16 ||    83

Table legend:
 A = Non-vault XP
 B = Vault XP
 C = Vault XP percentage of total XP
 D = Non-vault monster count
 E = Vault monster count
 F = Vault count percentage of total count
                 A         B        C        D         E       F
            +---------+---------+-------+---------+---------+-------
      Total |     132 |      18 |  12.0 |      35 |       2 |   5.4
            +---------+---------+-------+---------+---------+-------
        D:1 |      31 |       0 |   0.0 |      16 |       0 |   0.0
        D:2 |      23 |      13 |  36.1 |       7 |       1 |  12.5
        D:3 |      78 |       5 |   6.0 |      12 |       1 |   7.7
            +---------+---------+-------+---------+---------+-------
